 Dungeon Crawl Stone Soup version 0.30-a0-365-ge7f957f1db (webtiles) character file.

Game seed: 14926550047749056088

8 qeuew the Grasshopper (level 2, 27/28 HPs)
             Began as a Troll Warper on Nov 17, 2022.
             Quit the game on level 1 of the Dungeon.
             The game lasted 00:00:56 (465 turns).

qeuew the Grasshopper (Troll Warper)                 Turns: 465, Time: 00:00:57

Health: 27/28      AC:  4    Str: 18    XL:     2   Next: 0%
Magic:  3/3        EV: 10    Int:  9    God:
Gold:   42         SH:  0    Dex:  9    Spells: 3/3 levels left

rFire   . . .      SeeInvis .      - Unarmed
rCold   . . .      Faith    .    (no shield)
rNeg    . . .      Spirit   .    a - +0 robe
rPois   .          Reflect  .    (helmet restricted)
rElec   .          Harm     .    (no cloak)
rCorr   .          Rampage  .    (gloves unavailable)
Will    .....                    (boots unavailable)
Stlth   +.........               (no amulet)
HPRegen 1.04/turn                (no ring)
MPRegen 0.08/turn                (no ring)

@: no status effects
A: large, unfitting armour, claws 3, regeneration 1, shaggy fur 1, tough skin 1
a: no special abilities


You were on level 1 of the Dungeon.
You visited 1 branch of the dungeon, and saw 1 of its levels.

You collected 42 gold pieces.

Inventory:

Missiles
 c - 7 boomerangs of dispersal (quivered)
 g - 2 boomerangs
Armour
 a - a +0 robe (worn)
Scrolls
 b - 2 scrolls of blinking
 d - a scroll of acquirement {unknown}
 e - a scroll of identify {unknown}
 f - a scroll of teleportation {unknown}
 i - a scroll of enchant weapon {unknown}
Potions
 h - a potion of berserk rage {unknown}


   Skills:
 + Level 1.6 Fighting
 + Level 1.1 Throwing
 + Level 2.0 Dodging
 + Level 2.1 Unarmed Combat
 + Level 1.3 Spellcasting
 + Level 2.2 Translocations


You had 3 spell levels left.
You didn't know any spells.
Your spell library contained the following spells:

 Spells                   Type           Power      Damage    Failure   Level
 Blink                    Tloc           8%         N/A       22%         2
 Lesser Beckoning         Tloc           8%         N/A       38%         3
 Teleport Other           Tloc           4%         N/A       38%         3
 Vhi's Electric Charge    Tloc/Air       4%         N/A       56%         3
 Ozocubu's Armour         Ice            0%         N/A       71%         3
 Manifold Assault         Tloc           4%         N/A       80%         4
 Metabolic Englaciation   Hex/Ice        0%         N/A       100%        5
 Simulacrum               Ice/Necr       0%         N/A       100%        6


Dungeon Overview and Level Annotations

Branches:
Dungeon (1/15)

Altars:


Innate Abilities, Weirdness & Mutations

You are too large for most types of armour.
You have claws for hands.
Your natural rate of healing is unusually fast.
You are covered in fur. (AC +1)
You have tough skin. (AC +1)


Message History

A quokka is nearby!
A quokka is nearby!
You closely miss the quokka.
The quokka is almost dead.
The quokka barely misses you.
A quokka is nearby!
You closely miss the quokka.
The quokka is severely wounded.
The quokka closely misses you. The quokka bites you.
A quokka is nearby!
You claw the quokka!
You kill the quokka!
You have reached level 2!
Found a whip.
Found a faded altar of an unknown god.
No target in view!
There is a faded altar of an unknown god here.
You see here a -3 whip.
There is an open door here.
f - a scroll labelled ERPHEH TYEMA No target in view!
g - 2 boomerangs
h - a metallic dark potion No target in view!
i - a scroll labelled ZUGEPI YDUI No target in view!
As you open the door, it creaks loudly!
No target in view!
Found an escape hatch in the floor.
No target in view!
A bat comes into view.
The bat moves out of view.
Key pressed, stopping explore.
No target in view!
A bat is nearby!
A bat is nearby!
Found a whip and 6 stones.
The bat closely misses you.
A bat is nearby!
You closely miss the bat. The bat hits you.
Okay, then.
Are you sure you want to abandon this character and quit the game? (Confirm with "yes".)

#........# #.# .##
#........# #.. #(.
#........# ### .#...
#........# .....
####........#
......+..'.........#
......####.........#
.......>...........#
..##b.@.######...##
##.#..# ...# #....#
...+ #.#.... ..#
#.####.. #) .... #.
... .. ... ..#


You could see a bat.

Vanquished Creatures
  A ball python (D:1)
  An endoplasm (D:1)
  A giant cockroach (D:1)
  A hobgoblin (D:1)
  A quokka (D:1)
  A frilled lizard (D:1)
  A kobold (D:1)
7 creatures vanquished.

Notes
Turn   | Place    | Note
-------+----------+-------------------------------------------
     0 | D:1      | qeuew the Troll Warper began the quest for the Orb.
     0 | D:1      | Reached XP level 1. HP: 19/19 MP: 1/1
   239 | D:1      | Reached skill level 1 in Throwing
   299 | D:1      | Reached XP level 2. HP: 20/28 MP: 3/3
   317 | D:1      | Found a faded altar of an unknown god.
   465 | D:1      | Quit the game

Illustrated notes

Levels and vault maps discovered:
D:1:      matt_arrival_diagonals, layout_basic, ebering_ecumenical_altar_rust,
          chequers_mini_garden, nrook_uturn, grunt_decor_fettered,
          roderic_roman_lattice, minmay_3d_cube

Skill      XL: |  1 |
---------------+----+-----
Throwing       | 1 |  1.1
Dodging        | 2 |  2.0
Fighting       | |  1.6
Unarmed Combat | |  2.1
Spellcasting   | |  1.3
Translocations | |  2.2

Action                   || total
-------------------------++-------
Melee: Unarmed           ||    24
Armor: Robe              ||     2
Dodge: Dodged            ||    10

Table legend: (Time is in decaauts)
 A = Elapsed time spent in this place.
 B = Non-inter-level travel time spent in this place.
 C = Inter-level travel time spent in this place.
 D = Time resting spent in this place.
 E = Time spent auto-exploring this place.
 F = Levels seen in this place.
 G = Mean time per level.
                   A        B        C        D        E       F      G
               +--------+--------+--------+--------+--------+-----+--------+
         Total |    463 |    463 |      0 |      0 |    409 |   1 |  463.0 |
       Dungeon |    463 |    463 |      0 |      0 |    409 |   1 |  463.0 |
               +--------+--------+--------+--------+--------+-----+--------+

Top non-repeatable levels by time:
     D:1: 463 daAuts
